 Dungeon Crawl Stone Soup version 0.17-a0-377-gdd46233 (webtiles) character file.

231 Raurakos the Chopper (level 5, -6/45 HPs)
             Began as a Deep Dwarf Gladiator on Apr 2, 2015.
             Was an Initiate of Makhleb.
             Mangled by an ogre
             ... wielding a +0 giant club
              (29 damage)
             ... on level 4 of the Dungeon.
             The game lasted 00:11:48 (2944 turns).

Raurakos the Chopper (Deep Dwarf Gladiator)         Turns: 2944, Time: 00:11:48

Health: -6/45      AC:  6    Str: 18    XL:     5   Next: 73%
Magic:  5/5        EV: 12    Int:  9    God:    Makhleb [......]
Gold:   145        SH:  0    Dex: 14    Spells: 0 memorised, 4 levels left

rFire  . . .     SeeInvis .     a - +0 war axe
rCold  . . .     Clarity  .     t - +0 ring mail
rNeg   . . .     SustAb   .     (no shield)
rPois  .         Gourm    .     p - +0 helmet
rElec  .         Spirit   .     (no cloak)
rCorr  .         Warding  .     (no gloves)
rMut   .         Stasis   .     (no boots)
MR     .....                    (no amulet)
Stlth  +.........               (no ring)
                                (no ring)

@: non-regenerating, not resistant to hostile enchantments, very unstealthy
A: damage resistance, recharge devices, sense surroundings 1, slow healing 3
a: Device Recharging, Renounce Religion


You were on level 4 of the Dungeon.
You worshipped Makhleb.
Makhleb was noncommittal.
You were hungry.

You visited 2 branches of the dungeon, and saw 5 of its levels.

You collected 145 gold pieces.

Inventory:

Hand weapons
 a - a +0 war axe (weapon)
Missiles
 d - 3 throwing nets
 k - 72 stones
 o - 3 javelins (quivered)
 v - 9 poisoned needles
Armour
 p - a +0 helmet (worn)
 t - a +0 ring mail (worn)
Magical devices
 e - a wand of heal wounds (3)
 r - a wand of random effects (36)
Scrolls
 c - 3 scrolls of remove curse {unknown}
 g - a scroll of fear {unknown}
 h - 2 scrolls of teleportation {unknown}
 i - 6 scrolls of identify {unknown}
 j - 2 scrolls of fog {unknown}
 w - a scroll of blinking {unknown}
Potions
 l - 2 potions of restore abilities {unknown}
 m - a potion of curing {unknown}
 n - 2 potions of ambrosia {unknown}
 q - a potion of brilliance {unknown}
 u - a potion of mutation {unknown}
Miscellaneous
 s - a plain deck of changes
Comestibles
 b - 4 chunks of flesh
 f - 5 bread rations


   Skills:
 - Level 1.7 Fighting
 + Level 7.1 Axes
 - Level 1.7 Throwing
 - Level 3.2 Dodging


You had 4 spell levels left.
You didn't know any spells.

Dungeon Overview and Level Annotations

Branches:
Dungeon (4/15)             Temple (1/1) D:4

Altars:
Ashenzari
Cheibriados
Fedhas
Kikubaaqudgha
Makhleb
Nemelex Xobeh
Ru


Innate Abilities, Weirdness & Mutations

You are resistant to damage.
You can recharge devices by infusing magical energy.
You passively map a small area around you.
You do not heal naturally.


Message History

You kill the orc!
Makhleb accepts your kill. The giant frog skeleton hits you.
You slash the giant frog skeleton! The giant frog skeleton hits you.
You slash the giant frog skeleton! The giant frog skeleton hits you.
The giant frog skeleton barely misses you.
You barely miss the giant frog skeleton.
The giant frog skeleton hits you.
You slash the giant frog skeleton!
You destroy the giant frog skeleton!
Makhleb accepts your kill.
Your Axes skill increases to level 7!
You barely miss the ogre.
The ogre is moderately wounded.
The ogre hits you but does no damage.
You slash the ogre!
The ogre is severely wounded.
The ogre hits you with a giant club!!
Ouch! That really hurt!
You die...

, *#†...........######..
....####..........#.........
#.......####..#..##......>.
....####..# ...............
* ** ##O# #.##.##.........
,* #.# #.............## , *
#Z###..#.#.#.#.#..# ,
#[##..........(...#
#.###.#@...#....(..#.##
##.....O.#.....†......## , *
..........#..#..)>...#..##
.#.......................#
...######....#.......#...#
#* #.[(.............#.. , *
#......#.#.#.#.#.# ,
#....(...........# ,
#.........#.##.#.#


You could see an ogre.

Vanquished Creatures
  A giant frog skeleton (D:4)
  An orc wizard (D:4)
  A worker ant (D:4)
  A hound skeleton (D:4)
  Robin (D:2)
  2 adders (D:2)
  A giant mite (D:2)
  3 worms (D:3)
  6 orcs
  4 giant cockroaches
  23 goblins
  10 hobgoblins
  12 kobolds
  5 bats
  2 giant geckos (D:1)
  3 giant newts
  7 rats
83 creatures vanquished.

Notes
Turn   | Place    | Note
--------------------------------------------------------------
     0 | D:1      | Raurakos, the Deep Dwarf Gladiator, began the quest for the Orb.
     0 | D:1      | Reached XP level 1. HP: 19/19 MP: 1/1
   154 | D:1      | Reached XP level 2. HP: 19/26 MP: 2/2
   207 | D:1      | Reached skill level 4 in Axes
   759 | D:2      | Reached XP level 3. HP: 12/32 MP: 3/3
   954 | D:2      | Noticed Robin
   968 | D:2      | Reached skill level 5 in Axes
   971 | D:2      | Killed Robin
  1019 | D:2      | Found a sparkling altar of Nemelex Xobeh.
  1103 | D:2      | Reached XP level 4. HP: 12/39 MP: 4/4
  2502 | D:3      | Reached skill level 6 in Axes
  2754 | D:4      | Reached XP level 5. HP: 38/45 MP: 5/5
  2784 | D:4      | Found a staircase to the Ecumenical Temple.
  2815 | Temple   | Entered the Ecumenical Temple
  2870 | Temple   | Became a worshipper of Makhleb the Destroyer
  2923 | D:4      | Noticed an ogre
  2942 | D:4      | Reached skill level 7 in Axes
  2944 | D:4      | Mangled by an ogre

Action                   |  1- 3 |  4- 6 || total
-------------------------+-------+-------++-------
Melee: War axe           |    74 |   107 ||   181
Throw: Stone             |    90 |    25 ||   115
       Javelin           |       |    16 ||    16
Evoke: Wand              |       |     2 ||     2
  Eat: Chunk             |       |     6 ||     6
